 Dungeon Crawl Stone Soup version 0.30-a0-55-g90e3122c3a (webtiles) character file.

Game seed: 5805529154476931468

23 Decritt the Covered (level 3, -2/24 HPs)
             Began as a Gargoyle Fighter on Sept 10, 2022.
             Slain by Jessica
             ... wielding a +0 dagger
              (3 damage)
             ... on level 2 of the Dungeon.
             The game lasted 00:01:32 (738 turns).

Decritt the Covered (Gargoyle Fighter)               Turns: 738, Time: 00:01:32

Health: -2/24      AC: 10    Str: 21    XL:     3   Next: 0%
Magic:  3/3        EV:  9    Int:  8    God:
Gold:   65         SH:  4    Dex:  9    Spells: 2/2 levels left

rFire   . . .      SeeInvis .    l - +0 short sword (flame)
rCold   . . .      Faith    .    c - +0 buckler
rNeg    + . .      Spirit   .    b - +0 scale mail
rPois   ∞          Reflect  .    (no helmet)
rElec   +          Harm     .    (no cloak)
rCorr   .          Rampage  .    (no gloves)
Will    .....                    (no boots)
Stlth   ..........               (no amulet)
HPRegen 0.08/turn                (no ring)
MPRegen 0.08/turn                (no ring)

@: no status effects
A: sickness immunity, AC +3, negative energy resistance 1, electricity
resistance, torment resistance 1, petrification resistance
a: no special abilities


You were on level 2 of the Dungeon.
You visited 1 branch of the dungeon, and saw 2 of its levels.

You collected 65 gold pieces.

Inventory:

Hand Weapons
 a - a +0 flail
 l - a +0 short sword of flaming (weapon)
Armour
 b - a +0 scale mail (worn)
 c - a +0 buckler (worn)
Jewellery
 g - a ring of ice
 h - a ring of fire
Scrolls
 e - a scroll of noise {unknown}
 f - 3 scrolls of teleportation {unknown}
 i - a scroll of enchant armour {unknown}
 j - a scroll of fear {unknown}
 k - a scroll of identify {unknown}
Potions
 d - a potion of might
 m - a potion of magic {unknown}


   Skills:
 * Level 3.8 Fighting
 + Level 2.3 Maces & Flails
 * Level 3.8 Armour
 - Level 3.2 Shields


You had 2 spell levels left.
You didn't know any spells.
Your spell library contained the following spells:

 Spells                   Type           Power      Damage    Failure   Level
 Apportation              Tloc           0%         N/A       83%         1
 Alistair's Intoxication  Tmut/Pois      0%         N/A       100%        5


Dungeon Overview and Level Annotations

Branches:
Dungeon (2/15)

Altars:

Shops:
D:1 :

Annotations:
D:2 Jessica


Innate Abilities, Weirdness & Mutations

You are immune to sickness and miasma.
Your stone body is resilient. (AC +3)
You are immune to poison.
You resist negative energy. (rN+)
You are resistant to electric shocks. (rElec)
You are resistant to unholy torment.
You are immune to petrification.


Message History

Jessica mumbles some strange words.
Jessica blinks!
The kobold closely misses you.
You hit the kobold but do no damage. The kobold hits you with a +0 whip.
* * * LOW HITPOINT WARNING * * *
The kobold hits you but does no damage.
You closely miss the kobold. The kobold hits you with a +0 whip.
* * * LOW HITPOINT WARNING * * *
You barely miss the kobold. The kobold closely misses you.
Jessica casts a spell.
Jessica blinks!
You hit the kobold. You burn the kobold.
You kill the kobold!
You have reached level 3!
Your experience leads to an increase in your attributes!
Increase (S)trength, (I)ntelligence, or (D)exterity?
You feel stronger. x2
You see here a +0 whip.
You start resting.
Jessica is nearby!
Jessica misses you.
You closely miss Jessica.
Jessica is lightly wounded.
Jessica hits you but does no damage. Jessica gestures at you while chanting.
You resist with some effort.
You hit Jessica. You burn Jessica.
Jessica is moderately wounded.
Jessica hits you with a +0 dagger.
* * * LOW HITPOINT WARNING * * *
Jessica hits you but does no damage.
You barely miss Jessica.
Jessica is moderately wounded.
Jessica casts a spell at you. Pain shoots through your body!
* * * LOW HITPOINT WARNING * * *
Jessica hits you but does no damage.
You hit Jessica but do no damage.
Jessica is moderately wounded.
Jessica hits you with a +0 dagger.
You die...

#.# #.# #.# #####
#.# #...######
####.#
.#######.#.......
#....#
...........#
#.####
..)###.#@## #.#
#.#@# #.# #.#.#
#.# #.#.# #.#
#.#.# #.# #.#.#
#######.# #.#.#
#.......#
#.#.####.#######
#.#.)....#
.......#.......#


You could see Jessica (fast).

Vanquished Creatures
  2 dart slugs (D:1)
  A ball python (D:1)
  2 bats
  A giant cockroach (D:1)
  2 goblins
  4 hobgoblins
  3 kobolds
  3 rats
18 creatures vanquished.

Notes
Turn   | Place    | Note
-------+----------+-------------------------------------------
     0 | D:1      | Decritt the Gargoyle Fighter began the quest for the Orb.
     0 | D:1      | Reached XP level 1. HP: 14/14 MP: 1/1
    37 | D:1      | Found a faded altar of an unknown god.
   154 | D:1      | Reached XP level 2. HP: 19/19 MP: 2/2
   161 | D:1      | Found Juirph's Book Emporium.
   714 | D:2      | Noticed Jessica
   727 | D:2      | Reached XP level 3. HP: 10/24 MP: 3/3
   737 | D:2      | HP: 1/24 [Jessica/nerve-wracking pain (6)]
   738 | D:2      | Slain by Jessica

Illustrated notes

Levels and vault maps discovered:
D:1:      psy_arrival_dodecagon, layout_loops_cross, serial_shops, shop,
          ebering_ecumenical_altar_hall
D:2:      layout_loops_ring, serial_shops, shop, amcnicky_mini_pool_small,
          uniq_jessica, uniq_robin, uniq_terence

Action                   || total
-------------------------++-------
Melee: Flail             ||    37
       Short sword       ||    26
Armor: Scale mail        ||    43
Dodge: Dodged            ||    30
Block: Buckler           ||     8

Table legend: (Time is in decaauts)
 A = Elapsed time spent in this place.
 B = Non-inter-level travel time spent in this place.
 C = Inter-level travel time spent in this place.
 D = Time resting spent in this place.
 E = Time spent auto-exploring this place.
 F = Levels seen in this place.
 G = Mean time per level.
                   A        B        C        D        E       F      G
               +--------+--------+--------+--------+--------+-----+--------+
         Total |    753 |    731 |     22 |      5 |    574 |   2 |  376.5 |
       Dungeon |    753 |    731 |     22 |      5 |    574 |   2 |  376.5 |
               +--------+--------+--------+--------+--------+-----+--------+

Top non-repeatable levels by time:
     D:1: 658 daAuts
     D:2: 94 daAuts
